 Dungeon Crawl Stone Soup version 0.15.0-31-geb66e34 (webtiles) character file.

161 Rhoefr the Cutter (level 5, 0/30 HPs)
             Began as a Tengu Assassin on Sept 13, 2014.
             Was a Follower of Dithmenos.
             Succumbed to kobold's curare-tipped needle
             ... on Level 3 of the Dungeon.
             The game lasted 00:14:20 (1813 turns).

Rhoefr the Cutter (Tengu Assassin)                  Turns: 1813, Time: 00:14:20

HP   0/30        AC  6     Str 12      XL: 5   Next: 42%
MP   7/7         EV 14     Int 11      God: Dithmenos [*.....]
Gold 89          SH  0     Dex 18      Spells:  0 memorised,  4 levels left

rFire  . . .     SeeInvis .     a - +0 dagger (venom)
rCold  . . .     Clarity  .     c - +0 robe
rNeg   . . .     rCorr    .     (no shield)
rPois  .         rRot     .     (helmet restricted)
rElec  .         Spirit   .     d - +0 cloak
SustAb +         Warding  .     m - +2 pair of gloves
rMut   .         Stasis   .     (boots unavailable)
Gourm  .                        (no amulet)
MR     .....                    l - ring of sustain abilities
                                (no ring)

@: lethally poisoned, short of breath, slowed, wreathed by umbra, very slow, not
resistant to hostile enchantments, fairly stealthy
A: able to fly, beak, talons 3, agile 1, deterioration 1, mutation resistance 1,
wild magic 1
a: Fly, Renounce Religion


You were on level 3 of the Dungeon.
You worshipped Dithmenos.
Dithmenos was aware of your devotion.
You were not hungry.

You visited 1 branch of the dungeon, and saw 3 of its levels.

You collected 89 gold pieces.

Inventory:

Hand weapons
 a - a +0 dagger of venom (weapon)
 b - a +0 blowgun
 k - a +2 dagger
Missiles
 e - 19 poisoned needles
 f - 2 curare-tipped needles
Armour
 c - a +0 robe (worn)
 d - a +0 cloak (worn)
 m - a +2 pair of gloves (worn)
Comestibles
 g - 3 bread rations
 i - a meat ration
 j - a chunk of human flesh
Scrolls
 o - 2 scrolls of enchant armour
 p - a scroll of remove curse
Jewellery
 l - a ring of sustain abilities (right hand)
Potions
 h - a potion of flight
 q - a potion of restore abilities {unknown}


   Skills:
 - Level 2.0 Fighting
 + Level 4.3 Short Blades
 - Level 2.1 Throwing
 * Level 3.8 Dodging
 + Level 4.2 Stealth


You had 4 spell levels left.
You didn't know any spells.

Dungeon Overview and Level Annotations

Branches:
Dungeon (3/15)

Altars:
Dithmenos
Qazlal


Innate Abilities, Weirdness & Mutations

You can fly.
You have a beak for a mouth.
You have claws for feet.
You are agile. (Dex +2)
Your body is slowly deteriorating.
You are somewhat resistant to further mutation.
Your spells are a little harder to cast, but a little more powerful.


Message History

The kobold hits you with an uncursed short sword.
* * * LOW HITPOINT WARNING * * *
The rat bites you but does no damage. The kobold closely misses you.
You hit the kobold.
You kill the kobold!
Dithmenos accepts your kill.
* * * LOW HITPOINT WARNING * * *
You feel sick. The rat barely misses you.
* * * LOW HITPOINT WARNING * * *
You feel sick. The rat bites you but does no damage. The rat barely misses you.
Found an escape hatch in the floor.
Found a stone staircase leading up.
Things that are here:
an uncursed short sword; an uncursed blowgun; a kobold corpse You barely miss the rat.
Your kick misses the rat.
* * * LOW HITPOINT WARNING * * *
You feel sick. The rat closely misses you.
You hit the rat.
You kill the rat!
Dithmenos accepts your kill.
You die...

..###.# #.# #. ### #.#
#.# ..# . ..###.#
#.####.... .# #..##.#
#.##....# .. ##.##.#
#......# .
#.##.####.....# .# .##
#..#.##...##.%###.#...<
##......................
###.##.####((.@....#
#.#..# #..###....#
#...## #.## .##..# #.###
#. ># .# #.# #. .# #.#
.. ## #.# ## #.# #.#


There were no monsters in sight!

Vanquished Creatures
  Jessica (D:2)
  Terence (D:3)
  4 adders (D:2)
  4 gnolls (D:2)
  A worm (D:2)
  2 giant geckos (D:1)
  4 giant cockroaches (D:2)
  6 goblins
  A hobgoblin (D:2)
  8 kobolds
  8 bats
  3 giant newts
  5 jackals
  11 rats
59 creatures vanquished.

Notes
Turn   | Place    | Note
--------------------------------------------------------------
     0 | D:1      | Rhoefr, the Tengu Assassin, began the quest for the Orb.
     0 | D:1      | Reached XP level 1. HP: 12/12 MP: 1/1
   124 | D:1      | Reached XP level 2. HP: 17/17 MP: 3/3
   705 | D:1      | Reached XP level 3. HP: 21/21 MP: 4/4
   800 | D:2      | Found a shadowy altar of Dithmenos.
   834 | D:2      | Became a worshipper of Dithmenos the Shadowed
  1078 | D:2      | Reached XP level 4. HP: 17/26 MP: 5/5
  1329 | D:2      | Noticed Jessica
  1339 | D:2      | Killed Jessica
  1356 | D:2      | Found a stormy altar of Qazlal.
  1465 | D:2      | Reached XP level 5. HP: 30/30 MP: 7/7
  1722 | D:2      | Gained mutation: Your body is slowly deteriorating. [potion of mutation]
  1722 | D:2      | Gained mutation: Your spells are a little harder to cast, but a little more powerful. [potion of mutation]
  1724 | D:2      | Gained mutation: You are agile. (Dex +2) [potion of mutation]
  1724 | D:2      | Gained mutation: You are somewhat resistant to further mutation. [potion of mutation]
  1738 | D:3      | Noticed Terence
  1750 | D:3      | Killed Terence
  1813 | D:3      | Succumbed to kobold's curare-tipped needle

Action                   |  1- 3 |  4- 6 || total
-------------------------+-------+-------++-------
Melee: Dagger            |    71 |    42 ||   113
 Fire: Blowgun           |     2 |    18 ||    20
  Use: Scroll            |     8 |     5 ||    13
       Potion            |       |     2 ||     2
 Stab: Sleeping          |     3 |     3 ||     6
  Eat: Chunk             |       |     3 ||     3
